 Dungeon Crawl Stone Soup version 0.28.0-45-g0d030f2227 (webtiles) character file.

Game seed: 9286556572654379988

397863 Peloso the Hoplite (level 22, -6/220 HPs)
             Began as a Minotaur Fighter on Apr 17, 2022.
             Was the Champion of Okawaru.
             Killed from afar by an ancient lich (51 damage)
             ... with a bolt of acid
             ... on level 5 of the Vaults.
             The game lasted 02:47:13 (71753 turns).

Peloso the Hoplite (Minotaur Fighter)              Turns: 71753, Time: 02:47:14

Health: -6/220     AC: 25    Str: 36    XL:     22   Next: 22%
Magic:  8/16       EV: 12    Int:  5    God:    Okawaru [******]
Gold:   2501       SH: 29    Dex: 13    Spells: 21/21 levels left

rFire   + + +      SeeInvis +   a - +8 scimitar of Uceum {freeze, Will++ Str+5 Stlth+}
rCold   + + +      Faith    .   c - +0 tower shield
rNeg    + . .      Spirit   .   h - +0 plate armour of Kiclie Nuoj {rPois rC+ Regen+ Str+4}
rPois   +          Reflect  +   i - +1 hat
rElec   +          Harm     .   P - scarf {rC+ rF+}
rCorr   .          Rampage  .   p - +0 pair of gloves of Bad Feelings {rC++}
Will    +++..                   W - +1 pair of boots {Stlth+}
Stlth   ..........              U - amulet of reflection
HPRegen 1.26/turn               g - ring "Culonuuf" {rElec rF++ rC+ rN+ MP-9}
MPRegen 0.15/turn               n - ring "Aloetex" {Slay+5 SInv}

@: studying 2 skills
A: horns 2, retaliatory headbutt, clumsy 1, mutation resistance 1, screaming 1
}: 2/15 runes: serpentine, barnacled
a: Renounce Religion, Heroism, Finesse, Duel


You were on level 5 of the Vaults.
You worshipped Okawaru.
Okawaru was exalted by your worship.
You visited 8 branches of the dungeon, and saw 40 of its levels.
You also visited: Ossuary, Gauntlet and Ice Cave.

You collected 4704 gold pieces.
You spent 2203 gold pieces at shops.

Inventory:

Hand Weapons
 a - the +8 scimitar of Uceum (weapon) {freeze, Will++ Str+5 Stlth+}
   (Okawaru gifted it to you on level 2 of the Orcish Mines)

   It freezes those it strikes, dealing additional cold damage.
   It can also slow down cold-blooded creatures.
   Str:       It affects your strength (+5).
   Will:      It greatly increases your willpower.
   Stlth:     It makes you more stealthy.
 b - a +4 long sword of flaming
 j - the +7 scimitar of the End of Times {freeze, rPois Str+4}
   (Okawaru gifted it to you on level 3 of the Lair of Beasts)

   It freezes those it strikes, dealing additional cold damage.
   It can also slow down cold-blooded creatures.
   Str:       It affects your strength (+4).
   rPois:     It protects you from poison.
Armour
 c - a +0 tower shield (worn)
 h - the +0 plate armour of Kiclie Nuoj (worn) {rPois rC+ Regen+ Str+4}
   (You found it on level 1 of the Shoals)

   Str:       It affects your strength (+4).
   rC:        It protects you from cold.
   rPois:     It protects you from poison.
   Regen:     It increases your rate of health regeneration.
 i - a +1 hat (worn)
 o - +0 fire dragon scales
 p - the +0 pair of gloves of Bad Feelings (worn) {rC++}
   (Okawaru gifted it to you on level 6 of the Lair of Beasts)

   rC:        It greatly protects you from cold.
 P - a scarf of resistance (worn)
 W - a +1 pair of boots of stealth (worn)
Jewellery
 f - the ring "Wuheechi" {rC+ rCorr Int+4}
   (You found it on level 1 of the Vaults)

   [ring of resist corrosion]

   Int:       It affects your intelligence (+4).
   rC:        It protects you from cold.
   rCorr:     It protects you from acid and corrosion.
 g - the ring "Culonuuf" (left hand) {rElec rF++ rC+ rN+ MP-9}
   (You took it off a deep elf blademaster on level 3 of the Elven Halls)

   [ring of protection from cold]

   rF:        It greatly protects you from fire.
   rC:        It protects you from cold.
   rElec:     It insulates you from electricity.
   rN:        It protects you from negative energy.
   MP:        It affects your magic capacity (-9).
 n - the ring "Aloetex" (right hand) {Slay+5 SInv}
   (You found it on level 14 of the Dungeon)

   [ring of see invisible]

   Slay:      It affects your accuracy & damage with ranged weapons and melee
   (+5).
   SInv:      It lets you see invisible.
 t - a ring of flight
 y - a ring of protection from cold
 z - the ring of Duwiog {rCorr Str+6 Int+3}
   (You found it on level 3 of the Vaults)

   [ring of strength]

   Str:       It affects your strength (+6).
   Int:       It affects your intelligence (+3).
   rCorr:     It protects you from acid and corrosion.
 A - a ring of poison resistance
 C - a ring of see invisible
 I - the ring of the Gloaming {rF+ rCorr Str+4}
   (You took it off a centaur warrior on level 13 of the Dungeon)

   [ring of resist corrosion]

   Str:       It affects your strength (+4).
   rF:        It protects you from fire.
   rCorr:     It protects you from acid and corrosion.
 L - a ring of protection from fire
 U - an amulet of reflection (around neck)
Wands
 q - a wand of flame (12)
 B - a wand of digging (5)
 J - a wand of paralysis (3)
Scrolls
 m - 2 scrolls of silence
 s - 20 scrolls of identify
 u - a scroll of amnesia
 v - 8 scrolls of teleportation
 x - a scroll of blinking
 E - 4 scrolls of magic mapping
 F - a scroll of enchant weapon
 H - a scroll of fog
 K - 6 scrolls of fear
 T - 4 scrolls of immolation
Potions
 d - 8 potions of might
 e - 22 potions of curing
 k - a potion of invisibility
 l - 5 potions of flight
 r - 4 potions of resistance
 w - a potion of berserk rage
 D - 8 potions of haste
 G - a potion of ambrosia
 Y - 2 potions of heal wounds


   Skills:
 + Level 23.1 Fighting
 + Level 23.0 Long Blades
 + Level 2.7 Axes
 + Level 21.5 Armour
 + Level 8.0 Dodging
 + Level 3.5 Stealth
 + Level 26.6 Shields
 + Level 1.0 Unarmed Combat
 + Level 5.5 Invocations
 + Level 2.2 Evocations


You had 21 spell levels left.
You didn't know any spells.
Your spell library contained the following spells:

 Spells                   Type           Power      Damage    Failure   Level
 Foxfire                  Conj/Fire      0%         2x1d4     86%         1
 Pain                     Necr           0%         1d4       86%         1
 Shock                    Conj/Air       0%         1d3       86%         1
 Sting                    Tmut/Pois      0%         1d3       86%         1
 Blink                    Tloc           0%         N/A       95%         2
 Corpse Rot               Necr/Air       0%         N/A       95%         2
 Ensorcelled Hibernation  Hex/Ice        0%         N/A       95%         2
 Passwall                 Tmut/Erth      0%         N/A       95%         2
 Wereblood                Tmut           0%         N/A       95%         2
 Frozen Ramparts          Ice            0%         1d2       99%         3
 Gell's Gravitas          Tloc           0%         N/A       99%         3
 Inner Flame              Hex/Fire       0%         N/A       99%         3
 Lesser Beckoning         Tloc           0%         N/A       99%         3
 Ozocubu's Armour         Ice            0%         N/A       99%         3
 Portal Projectile        Hex/Tloc       0%         N/A       99%         3
 Spider Form              Tmut/Pois      0%         N/A       99%         3
 Stone Arrow              Conj/Erth      0%         3d7       99%         3
 Swiftness                Air            0%         N/A       99%         3
 Vampiric Draining        Necr           0%         2d6       99%         3
 Airstrike                Air            0%         N/A       100%        4
 Anguish                  Hex/Necr       0%         N/A       100%        4
 Cause Fear               Hex            0%         N/A       100%        4
 Dispel Undead            Necr           0%         3d6       100%        4
 Fulminant Prism          Conj/Hex       0%         3d6       100%        4
 Ice Form                 Ice/Tmut       0%         N/A       100%        4
 Iskenderun's Mystic Bla  Conj/Tloc      0%         2d3       100%        4
 Passage of Golubria      Tloc           0%         N/A       100%        4
 Alistair's Intoxication  Tmut/Pois      0%         N/A       100%        5
 Blade Hands              Tmut           0%         N/A       100%        5
 Excruciating Wounds      Necr           0%         N/A       100%        5
 Irradiate                Conj/Tmut      0%         3d13      100%        5
 Iskenderun's Battlesphe  Conj           0%         2d6       100%        5
 Lee's Rapid Deconstruct  Erth           0%         3d5*      100%        5
 Manifold Assault         Tloc           0%         N/A       100%        5
 Metabolic Englaciation   Hex/Ice        0%         N/A       100%        5
 Yara's Violent Unravell  Hex/Tmut       0%         3d3       100%        5
 Conjure Ball Lightning   Conj/Air       0%         3x3d6     100%        6
 Dispersal                Tloc           0%         N/A       100%        6
 Eringya's Noxious Bog    Tmut/Pois      0%         N/A       100%        6
 Dragon Form              Tmut           0%         N/A       100%        7
 Enfeeble                 Hex            0%         N/A       100%        7
 Ozocubu's Refrigeration  Ice            0%         4d5       100%        7
 Storm Form               Tmut/Air       0%         N/A       100%        7
 Discord                  Hex            0%         N/A       100%        8
 Disjunction              Tloc           0%         N/A       100%        8
 Lehudib's Crystal Spear  Conj/Erth      0%         10d2      100%        8
 Animate Skeleton         Necr           Unusable   N/A       N/A         1
 Tukima's Dance           Hex            Unusable   N/A       N/A         3
 Animate Armour           Summ/Erth      Unusable   N/A       N/A         4
 Summon Ice Beast         Ice/Summ       Unusable   N/A       N/A         4
 Summon Forest            Summ/Tloc      Unusable   N/A       N/A         5
 Death Channel            Necr           Unusable   N/A       N/A         6
 Simulacrum               Ice/Necr       Unusable   N/A       N/A         6
 Summon Hydra             Summ           Unusable   N/A       N/A         7

Dungeon Overview and Level Annotations

Branches:
Dungeon (15/15)            Temple (1/1) D:6            Lair (6/6) D:8
 Shoals (4/4) Lair:2        Snake (4/4) Lair:4        Slime (0/5) Lair:6
    Orc (2/2) D:11            Elf (3/3) Orc:2        Vaults (5/5) D:14
  Crypt (0/3) Vaults:2     Depths (0/4) D:15        Ossuary (visited)
  IceCv (visited)         Gauntlet (visited)

Altars:
Ashenzari
Dithmenos
Elyvilon
Fedhas
Gozag
Hepliaklqana
Kikubaaqudgha
Makhleb
Nemelex Xobeh
Okawaru
Qazlal
Ru
Trog
Uskayaw
Vehumet
Xom
Yredelemnul
Zin
The Shining One
Beogh

Shops:
D:1 *   D:3 *   D:4 (   D:5 *[   D:6 *   D:8 [   D:11 (   D:15 [
Orc:2 ([[([([(:   Elf:1 *   Elf:2 *   Snake:1 =   Snake:4 !??   Vaults:3 !
Vaults:4 (

Annotations:
D:13 1 runed translucent door
Lair:2 Casa
Elf:2 3 runed translucent doors


Innate Abilities, Weirdness & Mutations

You have a pair of horns on your head.
You reflexively headbutt those who attack you in melee.
You are clumsy. (Dex -2)
You are somewhat resistant to further mutation.
You occasionally shout uncontrollably at your foes.


Message History

Unknown command.
You slash the ghostly ironbound preserver!
You freeze the ghostly ironbound preserver.
The ghostly ironbound preserver is severely damaged.
The ancient lich casts a spell.
The ancient lich flickers and vanishes for a moment.
You block the vault guard's attack.
The vault guard hits you but does no damage.
You block the ghostly ironbound preserver's attack.
The vault sentinel blows a loud note on a signal horn!
You hear a shout! x4
You slash the ghostly ironbound preserver!
You freeze the ghostly ironbound preserver.
The ghostly ironbound preserver is almost destroyed.
You block the vault guard's attack.
Unknown command.
You chop the ghostly ironbound preserver into pieces!!!
You freeze the ghostly ironbound preserver.
You destroy the ghostly ironbound preserver!
Okawaru accepts your kill.
Your base Dodging skill increases to level 8!
Unknown command.
You completely miss the ancient lich. The ancient lich casts a spell at you.
The crystal spear hits you!!!
* * * LOW HITPOINT WARNING * * *
The vault guard hits you but does no damage.
Unknown command.
Blink to where?
Press: ? - help, Dir - move target
As you read the scroll of blinking, it crumbles to dust.
The ancient lich gestures at you while chanting.
You resist with almost no effort.
The ancient lich no longer looks unusually strong.
Found a scroll of magic mapping.
Found a potion of might.
You feel like a meek peon again. The ancient lich casts a spell at you.
The bolt of acid hits you!!!
You die...

####################
p..)....p..L.......#
p.))...............#
###############.@..#
!.........#
#......#..#
.......#..#
.......#..#
.......#..#
?...#..#..# ...#...
..#


You could see an ancient lich (fast, invisible).

Vanquished Creatures
  Mara (Elf:2)
  Vashnia (Snake:4)
  Nikola (Snake:4)
  The ghost of Lianjan the Gnoll Aeon, an adept GnWr of Cheibriados (Vaults:3)
  A tentacled monstrosity (Vaults:5)
  An Ice Fiend (IceCv)
  A titan (Vaults:5)
  3 deep elf blademasters
  Asterion (Snake:1)
  A deep elf master archer (Elf:2)
  Gastronok (Orc:1)
  Polyphemus (Shoals:3)
  Frances (Elf:1)
  Kirke (Elf:1)
  Agnes (Elf:1)
  Ilsuiw (Shoals:2)
  The ghost of Kilet the Geomancer, an adept GrEE of Vehumet (D:14)
  A storm dragon (Shoals:4)
  10 deep elf sorcerers
  2 orc warlords
  5 nagarajas
  Louise (Snake:1)
  Aizul (Shoals:3)
  2 frost giants (Vaults:4)
  14 vault wardens
  20 ironbound preservers
  4 deep elf elementalists
  2 war gargoyles
  8 ironbound thunderhulks
  A quicksilver ooze (Lair:5)
  A stone giant (Shoals:1)
  3 deep elf demonologists
  7 deep elf annihilators
  A vampire knight (D:14)
  2 minotaurs
  A spectral titan (Vaults:3)
  12 dire elephants
  4 entropy weavers (Vaults:1)
  5 deep elf death magi
  An ettin (Vaults:5)
  3 fire dragons
  6 merfolk javelineers
  Snorg (D:11)
  Josephine (D:12)
  A crystal guardian (Vaults:2)
  7 merfolk impalers (Shoals:4)
  6 deep elf high priests
  3 great orbs of eyes
  3 yaktaur captains
  A peacekeeper (Vaults:2)
  6 boulder beetles
  5 hydras
  2 ogre magi (Vaults:2)
  25 vault guards
  A merfolk avatar (Shoals:2)
  19 naga warriors
  8 ironbound frosthearts
  5 catoblepae
  8 anacondas
  6 two-headed ogres
  4 death knights
  8 dancing weapons
  6 merfolk aquamancers
  4 tengu warriors
  An alligator snapping turtle (Shoals:1)
  A spectral frost giant (Vaults:3)
  23 centaur warriors
  2 satyrs
  A vampire mage (D:14)
  16 death yaks
  20 naga sharpshooters
  8 shock serpents
  Sonja (Orc:1)
  Nergalle (Lair:3)
  9 deep elf knights
  A spectral yaktaur (Vaults:3)
  5 salamander mystics
  4 skeletal warriors
  A spectral elf (Vaults:3)
  42 deep trolls
  A glowing orange brain (Vaults:2)
  4 naga ritualists
  18 sea snakes
  An obsidian statue (IceCv)
  9 deep elf archers
  A bog body (IceCv)
  4 spriggan simulacra (IceCv)
  An orange crystal statue (IceCv)
  20 deep elf pyromancers
  11 ironbound convokers
  16 wizards
  2 phantasmal warriors (Vaults:5)
  A necromancer (D:15)
  8 orc knights
  21 deep elf zephyrmancers
  12 lindwurms
  5 mana vipers
  24 harpies
  3 orc sorcerers (Orc:2)
  Pikel (D:8)
  18 fauns
  32 ugly things
  2 worldbinders (Vaults:2)
  3 large abominations (Gauntlet)
  17 elephants
  17 salamanders
  20 cyclopes
  2 wolf spiders
  15 manticores
  7 guardian serpents
  2 frost giant zombies (D:15)
  20 vault sentinels
  33 black mambas
  18 naga magi
  11 water nymphs
  9 merfolk sirens
  2 gargoyles
  2 ice statues
  11 cane toads
  12 komodo dragons
  34 yaktaurs
  2 rime drakes (Lair:6)
  An ice devil (IceCv)
  3 unseen horrors
  2 anaconda simulacra (IceCv)
  9 freezing wraiths
  4 tengu conjurers
  2 entropy weaver simulacra (IceCv)
  2 efreet (D:14)
  2 guardian mummies (D:15)
  2 polar bears
  21 merfolk
  3 golden dragon simulacra
  13 trolls
  15 wind drakes
  4 meliai (Shoals:3)
  A wind drake (shapeshifter) (D:13)
  A hornet (Lair:4)
  6 snapping turtles
  2 spectral humans (Vaults:3)
  25 slime creatures
  An ettin zombie (D:15)
  11 blink frogs
  32 dream sheep
  A fire giant simulacrum (Vaults:3)
  3 flying skulls (Gauntlet)
  A spriggan zombie (D:15)
  A shadow (D:13)
  2 jumping spiders (Vaults:2)
  6 small abominations (Gauntlet)
  11 air elementals
  13 wraiths
  2 wyverns
  A spriggan (Lair:4)
  29 water elementals
  3 dire elephant simulacra (IceCv)
  3 fire elementals
  2 hogs
  5 basilisks
  49 yaks
  2 humans (Elf:1)
  11 redbacks
  2 spatial vortices (Vaults:2)
  5 vampire mosquitoes
  4 wargs
  2 acid dragons (D:13)
  An acid dragon (shapeshifter) (D:13)
  53 nagas
  19 water moccasins
  35 orc warriors
  A hornet zombie (D:7)
  An ice beast (Vaults:2)
  4 sky beasts
  5 black bears
  6 ogres
  32 wolves
  5 necrophages (D:12)
  11 boggarts
  6 centaurs
  An elf simulacrum (Vaults:3)
  A phantom (D:4)
  3 lemures (D:8)
  19 bullfrogs
  2 scorpions
  An elf zombie (Ossuary)
  6 deep troll simulacra (IceCv)
  3 earth elementals
  A wyvern zombie (D:6)
  A glowing shapeshifter simulacrum (Vaults:3)
  A wyvern skeleton (D:7)
  16 wights
  A howler monkey (D:7)
  7 electric eels
  6 centaur zombies
  10 jellies
  2 gnoll shamans
  4 human zombies (Ossuary)
  27 orc priests
  A bullfrog skeleton (D:4)
  Natasha (thrice) (D:4)
  4 iguanas
  37 orc wizards
  2 hound zombies (Ossuary)
  3 mummies (Ossuary)
  4 adders
  12 gnolls
  A white imp (D:6)
  3 ufetubi
  3 adder zombies (Ossuary)
  4 worms
  2 dart slugs
  103 orcs
  A bat zombie (D:12)
  8 endoplasms
  3 gnoll zombies (Ossuary)
  7 goblins
  6 hobgoblins
  8 jackals
  6 kobolds
  2 quokkas
  2 ball pythons
  10 bats
  5 frilled lizards
  A goblin zombie (Ossuary)
  3 hobgoblin zombies (Ossuary)
  5 jackal zombies (Ossuary)
  8 kobold zombies (Ossuary)
  A quokka zombie (Ossuary)
  3 rats
  4 rat zombies (Ossuary)
  2 plants (Lair:2)
1732 creatures vanquished.

Vanquished Creatures (others)
  An eldritch tentacle (Vaults:2)
  A wizard (Vaults:1)
  A vampire bat (Vaults:2)
  An orc wizard (D:11)
  A bush (Lair:6)
  69 fungi
  130 plants
  5 withered plants
209 creatures vanquished.

Grand Total: 1941 creatures vanquished

Notes
Turn   | Place    | Note
-------+----------+-------------------------------------------
     0 | D:1      | Peloso the Minotaur Fighter began the quest for the Orb.
     0 | D:1      | Reached XP level 1. HP: 19/19 MP: 0/0
   157 | D:1      | Found Qymeph's Assorted Antiques.
   192 | D:1      | Reached XP level 2. HP: 27/27 MP: 1/1
   313 | D:1      | Reached skill level 4 in Shields
   655 | D:2      | Found a hide-covered altar of Uskayaw.
   667 | D:2      | Reached XP level 3. HP: 33/33 MP: 2/2
   987 | D:2      | Reached XP level 4. HP: 25/40 MP: 3/3
  1655 | D:3      | Found Toroem's General Store.
  1679 | D:3      | Bought a potion of curing for 39 gold pieces
  1720 | D:3      | Found a faded altar of an unknown god.
  2120 | D:4      | Noticed a phantom
  2328 | D:3      | Reached skill level 1 in Dodging
  2434 | D:4      | Killed a phantom
  2435 | D:4      | Reached XP level 5. HP: 16/47 MP: 4/4
  2693 | D:4      | Found an opulent altar of Gozag.
  2700 | D:4      | Noticed Natasha
  2718 | D:4      | Killed Natasha
  2725 | D:4      | Reached skill level 5 in Armour
  2754 | D:4      | Noticed Natasha
  2760 | D:4      | Killed Natasha
  2834 | D:4      | Reached XP level 6. HP: 48/53 MP: 5/5
  3057 | D:4      | Noticed Natasha
  3068 | D:4      | Killed Natasha
  3221 | D:4      | Reached skill level 5 in Long Blades
  3311 | D:4      | Found Turch's Weapon Shop.
  3465 | D:4      | Found a broken altar of Ashenzari.
  3523 | D:5      | Entered Level 5 of the Dungeon
  3623 | D:5      | Reached XP level 7. HP: 52/60 MP: 6/6
  3629 | D:5      | Reached skill level 5 in Fighting
  3837 | D:5      | Found Fyelexot's Antique Armour Emporium.
  4281 | D:5      | Found Onealu's General Store.
  4486 | D:6      | Reached skill level 5 in Shields
  4600 | D:6      | Reached skill level 1 in Unarmed Combat
  4632 | D:6      | Found Muv Yte's Fire Supplies.
  4645 | D:6      | Bought a +1 cloak of fire resistance for 198 gold pieces
  4754 | D:6      | Found a sand-covered staircase.
  4762 | Ossuary  | Entered an ossuary
  4896 | Ossuary  | Reached XP level 8. HP: 69/70 MP: 7/7
  6111 | D:6      | Found a staircase to the Ecumenical Temple.
  6127 | Temple   | Entered the Ecumenical Temple
  6161 | Temple   | Became a worshipper of Warmaster Okawaru
  6956 | D:6      | Reached XP level 9. HP: 67/78 MP: 8/8
  7107 | D:7      | Noticed a gargoyle
  7112 | D:7      | Killed a gargoyle
  7118 | D:7      | Reached * piety under Okawaru
  7300 | D:7      | Reached skill level 10 in Long Blades
  7300 | D:7      | Reached skill level 1 in Stealth
  7300 | D:7      | Reached skill level 6 in Shields
  8273 | D:7      | Reached ** piety under Okawaru
  8448 | D:8      | Reached XP level 10. HP: 38/88 MP: 6/9
  8459 | D:8      | Reached skill level 10 in Armour
  9118 | D:8      | Found a staircase to the Lair.
  9241 | D:8      | Found Sesyxin's Antique Armour Shop.
 10111 | D:8      | Noticed a two-headed ogre
 10120 | D:8      | Killed a two-headed ogre
 10406 | D:8      | Noticed Pikel
 10435 | D:8      | Killed Pikel
 10436 | D:8      | Reached skill level 7 in Shields
 10436 | D:8      | Reached skill level 1 in Invocations
 10707 | D:8      | Found a shimmering altar of Xom.
 10929 | D:9      | Reached *** piety under Okawaru
 11039 | D:9      | Found a sacrificial altar of Ru.
 11170 | D:9      | You are sucked into a shaft and drop 1 floor!
 11170 | D:10     | Entered Level 10 of the Dungeon
 11887 | D:9      | Reached XP level 11. HP: 74/97 MP: 10/10
 12299 | D:10     | Reached skill level 8 in Shields
 13485 | D:10     | Noticed a two-headed ogre
 13492 | D:10     | Killed a two-headed ogre
 13492 | D:10     | Reached **** piety under Okawaru
 13542 | D:11     | Found Viwiag's Weapon Boutique.
 13542 | D:11     | Found a staircase to the Orcish Mines.
 13582 | D:10     | Reached skill level 9 in Shields
 13927 | D:11     | Identified the +7 whip "Lecresu" {vorpal, *Slow rF+ Str+7}
 14412 | Lair:1   | Entered Level 1 of the Lair of Beasts
 14512 | Lair:1   | Reached skill level 10 in Fighting
 15219 | Lair:1   | Reached skill level 10 in Shields
 15804 | Lair:1   | Reached ***** piety under Okawaru
 16004 | Lair:2   | Reached XP level 12. HP: 104/107 MP: 12/12
 16636 | Lair:2   | Found a staircase to the Shoals.
 17197 | Lair:3   | Reached skill level 11 in Shields
 17206 | Lair:3   | Identified the +7 scimitar of the End of Times {freeze,
                  | rPois Str+4} (Okawaru gifted it to you on level 3 of the
                  | Lair of Beasts)
 17206 | Lair:3   | Received a gift from Okawaru
 17726 | Lair:3   | Noticed Nergalle
 17743 | Lair:3   | Killed Nergalle
 19141 | D:12     | Noticed Josephine
 19152 | D:12     | Received a gift from Okawaru
 19158 | D:12     | Killed Josephine
 19437 | D:12     | Found an ancient bone altar of Kikubaaqudgha.
 20022 | Lair:4   | Reached XP level 13. HP: 37/118 MP: 13/13
 20430 | Lair:4   | Received a gift from Okawaru
 20431 | Lair:4   | Reached skill level 12 in Shields
 20673 | Lair:4   | Found a staircase to the Snake Pit.
 20910 | Lair:4   | Reached skill level 15 in Long Blades
 22255 | Lair:5   | Reached ****** piety under Okawaru
 22489 | Lair:5   | Reached skill level 15 in Armour
 22529 | Lair:5   | Noticed a quicksilver ooze
 22535 | Lair:5   | Killed a quicksilver ooze
 22535 | Lair:5   | Identified the +8 great sword "Wufin" {speed, rElec rC+
                  | Will+ Dex-2} (Okawaru gifted it to you on level 5 of the
                  | Lair of Beasts)
 22535 | Lair:5   | Received a gift from Okawaru
 22536 | Lair:5   | Reached skill level 1 in Evocations
 22547 | Lair:5   | Reached skill level 13 in Shields
 23750 | Orc:1    | Entered Level 1 of the Orcish Mines
 23750 | Orc:1    | Noticed Sonja
 23857 | D:8      | Bought a citrine-studded plate armour for 840 gold pieces
 23857 | D:8      | Identified the +0 plate armour "Daptidedgh" {Rampage} (You
                  | bought it in a shop on level 8 of the Dungeon)
 23968 | Orc:1    | Noticed Snorg
 24116 | D:11     | Killed Snorg
 25023 | Orc:1    | Killed Sonja
 25108 | Orc:1    | Noticed Gastronok
 25122 | Orc:1    | Killed Gastronok
 25214 | Orc:1    | Reached XP level 14. HP: 114/130 MP: 15/15
 25797 | Orc:2    | Entered Level 2 of the Orcish Mines
 25809 | Orc:2    | Found Hiruyco's Weapon Emporium.
 25907 | Orc:2    | Identified the +8 scimitar of Uceum {freeze, Will++ Str+5
                  | Stlth+} (Okawaru gifted it to you on level 2 of the Orcish
                  | Mines)
 25907 | Orc:2    | Received a gift from Okawaru
 25995 | Orc:2    | Found Rueta's Armour Emporium.
 26410 | Orc:2    | Found Jykoufas's Antique Weapon Emporium.
 26444 | Orc:2    | Found a staircase to the Elven Halls.
 26466 | Orc:2    | Found Qoysseog's Book Shop.
 26585 | Orc:2    | Found Remuiphi's Antique Weapon Emporium.
 26695 | Orc:2    | Noticed an orc warlord
 26727 | Orc:2    | Killed an orc warlord
 26834 | Orc:2    | Found Faezeoki's Antique Weapon Shop.
 26848 | Orc:2    | Found Eluivol's Antique Armour Boutique.
 27093 | Orc:2    | Found Litunir's Antique Armour Emporium.
 27175 | Orc:2    | Bought an ancient scale mail for 207 gold pieces
 27175 | Orc:2    | Identified the +2 scale mail "Ugadasm" {Rampage rC+ MP-9}
                  | (You bought it in a shop on level 2 of the Orcish Mines)
 27218 | Orc:2    | Found Esiceg's Antique Armour Boutique.
 27452 | D:13     | Reached skill level 14 in Shields
 28435 | D:13     | Found a runed translucent door.
 28457 | D:13     | Received a gift from Okawaru
 28487 | D:13     | Reached skill level 15 in Fighting
 28506 | D:13     | Identified the +1 halberd of Fate {vorpal, rF+++}
 29717 | D:13     | Identified the +0 halberd of Peril {vorpal, rF+ Will+}
 29740 | D:13     | Identified the ring of the Gloaming {rF+ rCorr Str+4}
 29748 | D:13     | Reached skill level 1 in Axes
 29748 | D:13     | Reached XP level 15. HP: 112/141 MP: 16/16
 30148 | Lair:6   | Entered Level 6 of the Lair of Beasts
 30155 | Lair:6   | Found a gate leading to a gauntlet.
 30168 | Lair:6   | Received a gift from Okawaru
 30213 | Gauntlet | Entered a Gauntlet
 30213 | Gauntlet | Found a transporter.
 30213 | Gauntlet | Found a transporter.
 30220 | Gauntlet | Found a transporter.
 30223 | Gauntlet | Found a transporter.
 30225 | Gauntlet | Found a transporter.
 30225 | Gauntlet | Found a transporter.
 30268 | Gauntlet | Found a transporter.
 30268 | Gauntlet | Found a transporter.
 30269 | Gauntlet | Found a transporter.
 30272 | Gauntlet | Found a runed translucent door.
 30280 | Gauntlet | Found a runed translucent gate.
 30280 | Gauntlet | Found a runed translucent gate.
 30280 | Gauntlet | Found a runed translucent gate.
 30284 | Gauntlet | Found a transporter.
 30300 | Gauntlet | Found a transporter.
 30301 | Gauntlet | Found a runed translucent door.
 30324 | Gauntlet | Found a transporter.
 30329 | Gauntlet | Found a transporter.
 30376 | Gauntlet | Found a transporter.
 30739 | Gauntlet | Identified the +8 chain mail of Etwirch {rC+ Str+4 Int+2}
 30810 | Gauntlet | Identified the +3 cloak of Magic {rF- rCorr Int+5}
 31015 | Gauntlet | Identified the ring of the Twisting Dreams {rCorr Int+7}
 31164 | Lair:6   | Reached skill level 15 in Shields
 31812 | Lair:6   | Found a staircase to the Slime Pits.
 32434 | Lair:6   | Identified the +0 pair of gloves of Bad Feelings {rC++}
                  | (Okawaru gifted it to you on level 6 of the Lair of Beasts)
 32434 | Lair:6   | Received a gift from Okawaru
 33715 | D:14     | Found a transporter.
 33716 | D:14     | Noticed Kilet's ghost (adept GrEE)
 33897 | D:14     | Found a glowing silver altar of Zin.
 34237 | D:14     | Found a gate to the Vaults.
 34261 | D:14     | Found a transporter.
 35161 | D:14     | Killed Kilet's ghost
 35444 | D:14     | Reached XP level 16. HP: 106/152 MP: 15/18
 35447 | D:14     | Reached skill level 16 in Shields
 35456 | D:14     | Identified the ring "Aloetex" {Slay+5 SInv}
 35601 | D:15     | Entered Level 15 of the Dungeon
 35606 | D:15     | Found a staircase to the Depths.
 37188 | D:15     | Found Zukh's Armour Shoppe.
 38169 | Elf:1    | Entered Level 1 of the Elven Halls
 38342 | Elf:1    | Noticed Frances
 38354 | Elf:1    | Killed Frances
 38354 | Elf:1    | Identified the +6 scale mail "Gagovif" {rN++ Str+3 Slay+3}
                  | (Okawaru gifted it to you on level 1 of the Elven Halls)
 38354 | Elf:1    | Received a gift from Okawaru
 38774 | Elf:1    | Noticed Agnes
 38782 | Elf:1    | Killed Agnes
 38963 | Elf:1    | Noticed Kirke
 38998 | Elf:1    | Killed Kirke
 39102 | Elf:1    | Paralysed by an air elemental for 1 turns
 39111 | Elf:1    | Paralysed by an air elemental for 1 turns
 39225 | Elf:1    | Reached skill level 5 in Dodging
 39504 | Elf:1    | Got the Tome of Conjuration
 39913 | Elf:1    | Found Huluoqal's Assorted Antiques.
 40930 | Elf:2    | Paralysed by an air elemental for 1 turns
 41143 | Elf:2    | Found Cuc Myng's General Store.
 41195 | Elf:2    | Found a runed translucent gate.
 41211 | Elf:2    | Found a runed translucent gate.
 41212 | Elf:2    | Found a runed translucent gate.
 41403 | Elf:2    | Reached skill level 17 in Shields
 41413 | Elf:2    | Received a gift from Okawaru
 41413 | Elf:2    | Found the +3 pair of seven-league boots {Rampage+∞}
 41661 | Elf:2    | Found a radiant altar of Vehumet.
 41814 | Elf:3    | Entered Level 3 of the Elven Halls
 41814 | Elf:3    | Noticed Mara
 41955 | Elf:3    | Noticed Peloso's illusion
 41962 | Elf:2    | Killed Mara
 42096 | Elf:3    | Reached XP level 17. HP: 155/163 MP: 19/19
 42187 | Elf:3    | Noticed a deep elf master archer
 42188 | Elf:3    | Noticed a deep elf blademaster
 42226 | Elf:2    | Killed a deep elf blademaster
 44712 | Elf:3    | Noticed a deep elf blademaster
 45178 | Elf:2    | Killed a deep elf master archer
 45182 | Elf:2    | Killed a deep elf blademaster
 46365 | Elf:3    | Noticed a Brimstone Fiend
 47033 | Elf:3    | Gained mutation: Your magical capacity is low. (-10% MP) [a
                  | neqoxec]
 47037 | Elf:3    | Gained mutation: You are occasionally teleported next to
                  | monsters. [a neqoxec]
 47693 | Elf:3    | Received a gift from Okawaru
 47871 | Elf:3    | Reached skill level 5 in Invocations
 47886 | Elf:3    | Paralysed by an air elemental for 1 turns
 48065 | Elf:3    | Identified the ring "Culonuuf" {rElec rF++ rC+ rN+ MP-9}
 48065 | Elf:3    | Noticed a deep elf blademaster
 48081 | Elf:3    | Killed a deep elf blademaster
 48692 | Elf:3    | Lost mutation: Your magical capacity is low. (-10% MP)
                  | [potion of mutation]
 48692 | Elf:3    | Lost mutation: You are occasionally teleported next to
                  | monsters. [potion of mutation]
 48692 | Elf:3    | Gained mutation: You have a pair of large horns on your
                  | head. [potion of mutation]
 48692 | Elf:3    | Gained mutation: You occasionally shout uncontrollably at
                  | your foes. [potion of mutation]
 48692 | Elf:3    | Gained mutation: You have supernaturally acute eyesight.
                  | (SInv) [potion of mutation]
 48693 | Elf:3    | Lost mutation: You have a pair of large horns on your head.
                  | [potion of mutation]
 48693 | Elf:3    | Lost mutation: You have supernaturally acute eyesight.
                  | (SInv) [potion of mutation]
 48693 | Elf:3    | Gained mutation: You are clumsy. (Dex -2) [potion of
                  | mutation]
 48693 | Elf:3    | Gained mutation: You are somewhat resistant to further
                  | mutation. [potion of mutation]
 49499 | Elf:3    | Identified the +8 rapier of Xeblaon {protect, +Blink Int+3}
 49499 | Elf:3    | Found the +8 lance "Wyrmbane" {slay drac, rPois rF+ rC+
                  | AC+3}
 49503 | Elf:3    | Identified the +7 hunting sling "Hellblazer" {flame, rC+}
 49506 | Elf:3    | Identified the ring "Ehyoh" {Wiz Str+3}
 49512 | Elf:3    | Identified the -4 kite shield "Xihoguc" {Dex+8}
 49513 | Elf:3    | Identified the +6 trident "Asearale" {freeze, rElec rC-
                  | rCorr Int+4}
 50468 | Snake:1  | Entered Level 1 of the Snake Pit
 50478 | Snake:1  | Found Qighaaqa's Jewellery Shoppe.
 50482 | Snake:1  | Noticed Louise
 50500 | Snake:1  | Killed Louise
 50696 | Snake:1  | Reached skill level 18 in Shields
 51050 | Snake:1  | Received a gift from Okawaru
 51058 | Snake:1  | Noticed Asterion
 51072 | Snake:1  | Killed Asterion
 51535 | Snake:1  | Found a bloodstained altar of Trog.
 51685 | Snake:1  | Identified a scroll of acquirement
 52589 | Snake:2  | Reached XP level 18. HP: 137/176 MP: 11/20
 52810 | Snake:2  | You fall into a shaft and drop 1 floor!
 52830 | Snake:3  | Identified the +1 robe "Bokkigof" {Fly rCorr} (Okawaru
                  | gifted it to you on level 3 of the Snake Pit)
 52830 | Snake:3  | Received a gift from Okawaru
 53163 | Snake:2  | Identified the amulet "Kosus" {Faith Harm}
 53710 | Snake:3  | Reached skill level 19 in Shields
 54320 | Snake:3  | Identified the +3 leather armour "Eliujur" {Harm rN+ Int+6}
 54527 | Snake:4  | Entered Level 4 of the Snake Pit
 54530 | Snake:4  | Found Ropomeq's Magic Scroll Emporium.
 54535 | Snake:4  | Bought a scroll of teleportation for 45 gold pieces
 54535 | Snake:4  | Bought a scroll of teleportation for 45 gold pieces
 54535 | Snake:4  | Bought a scroll of fear for 52 gold pieces
 54538 | Snake:4  | Found a white marble altar of Elyvilon.
 54913 | Snake:4  | Noticed Nikola
 54930 | Snake:4  | Killed Nikola
 55619 | Snake:4  | Found Jakhabum's Distillery.
 55620 | Snake:4  | Found Axey's Magic Scroll Shoppe.
 55622 | Snake:4  | Bought 2 potions of mutation for 192 gold pieces
 55623 | Snake:4  | Identified the +1 robe "Kuelithijuo" {rF++ rC- Regen+
                  | Int+3} (Okawaru gifted it to you on level 4 of the Snake
                  | Pit)
 55623 | Snake:4  | Received a gift from Okawaru
 55672 | Snake:4  | Bought a scroll of blinking for 105 gold pieces
 55672 | Snake:4  | Bought a scroll of blinking for 105 gold pieces
 56577 | Snake:4  | Reached skill level 20 in Shields
 57448 | Snake:4  | Noticed Vashnia
 57488 | Snake:4  | Killed Vashnia
 57690 | Snake:4  | Got a serpentine rune of Zot
 57885 | Shoals:1 | Entered Level 1 of the Shoals
 57927 | Shoals:1 | Acquired 634 gold pieces
 58006 | Shoals:1 | Reached XP level 19. HP: 182/185 MP: 12/21
 58041 | Shoals:1 | Identified the +5 mace of Megalomania {venom, Fragile rElec
                  | rC++ Stlth+}
 58260 | Shoals:1 | Identified the +0 plate armour of Kiclie Nuoj {rPois rC+
                  | Regen+ Str+4}
 58592 | Shoals:1 | Identified the +1 plate armour of the Slug {Str+4 Dex+3}
                  | (Okawaru gifted it to you on level 1 of the Shoals)
 58592 | Shoals:1 | Received a gift from Okawaru
 58781 | Shoals:1 | Reached skill level 21 in Shields
 58975 | Shoals:2 | Found a frozen archway.
 58996 | IceCv    | Entered an ice cave
 60523 | Shoals:3 | Noticed Ilsuiw
 60523 | Shoals:3 | Noticed Polyphemus
 60737 | Shoals:2 | Killed Ilsuiw
 60960 | Shoals:3 | Killed Polyphemus
 61110 | Shoals:3 | Noticed Aizul
 61127 | Shoals:3 | Killed Aizul
 61309 | Shoals:3 | Found a hide-covered altar of Uskayaw.
 61319 | Shoals:3 | Found the +3 sling "Punk" {acid, rCorr}
 61328 | Shoals:3 | Reached skill level 22 in Shields
 61394 | Shoals:3 | Found the +8 longbow "Zephyr" {speed, Dex+3 SInv}
 61781 | Shoals:3 | Identified the +3 scale mail of Enyut {rN+} (Okawaru gifted
                  | it to you on level 3 of the Shoals)
 61781 | Shoals:3 | Received a gift from Okawaru
 61898 | Shoals:4 | Entered Level 4 of the Shoals
 61954 | Shoals:4 | Paralysed by an air elemental for 1 turns
 62240 | Shoals:4 | Paralysed by an air elemental for 1 turns
 62328 | Shoals:4 | Paralysed by an air elemental for 1 turns
 62566 | Shoals:4 | Paralysed by an air elemental for 1 turns
 62744 | Shoals:4 | Found a stormy altar of Qazlal.
 62749 | Shoals:4 | Identified the +3 chain mail "Duvudweh" {rC++ rCorr Int+2
                  | Dex-3 Slay+2}
 62762 | Shoals:4 | Paralysed by an air elemental for 1 turns
 62772 | Shoals:4 | Paralysed by an air elemental for 1 turns
 62780 | Shoals:4 | Reached XP level 20. HP: 121/198 MP: 13/22
 62853 | Shoals:4 | Paralysed by an air elemental for 1 turns
 63144 | Shoals:4 | Got a barnacled rune of Zot
 64261 | Vaults:1 | Entered Level 1 of the Vaults
 64565 | Vaults:1 | Reached skill level 23 in Shields
 64912 | Vaults:1 | Identified the ring "Wuheechi" {rC+ rCorr Int+4}
 65056 | Vaults:1 | Received a gift from Okawaru
 65379 | Vaults:1 | Received a gift from Okawaru
 66388 | Vaults:2 | Identified the +0 scale mail of Okawaru's Esteem {Dex+3}
                  | (Okawaru gifted it to you on level 2 of the Vaults)
 66388 | Vaults:2 | Received a gift from Okawaru
 66460 | Vaults:2 | Reached skill level 24 in Shields
 66508 | Vaults:2 | Got Sif Muna's Guide on Transmigration
 66834 | Vaults:2 | Reached XP level 21. HP: 158/207 MP: 15/24
 67651 | Vaults:2 | Found a staircase to the Crypt.
 67651 | Vaults:2 | Found an ancient bone altar of Kikubaaqudgha.
 67652 | Vaults:2 | Found a basalt altar of Yredelemnul.
 67766 | Vaults:2 | Reached skill level 25 in Shields
 67973 | Vaults:2 | Got the Almanac of Displacement
 68348 | Vaults:3 | Received a gift from Okawaru
 68552 | Vaults:3 | Received a gift from Okawaru
 69227 | Vaults:3 | Found Faga's Distillery.
 69235 | Vaults:3 | Bought a potion of berserk rage for 75 gold pieces
 69235 | Vaults:3 | Bought a potion of haste for 150 gold pieces
 69235 | Vaults:3 | Bought a potion of haste for 150 gold pieces
 69475 | Vaults:3 | Found a runed translucent gate.
 69475 | Vaults:3 | Found a runed translucent gate.
 69475 | Vaults:3 | Found a runed translucent gate.
 69574 | Vaults:3 | Received a gift from Okawaru
 69609 | Vaults:3 | Noticed Lianjan's ghost (adept GnWr)
 69671 | Vaults:3 | Killed Lianjan's ghost
 69687 | Vaults:3 | Identified the ring of Duwiog {rCorr Str+6 Int+3}
 70000 | Vaults:4 | Found Leymad's Weapon Shoppe.
 70103 | Vaults:4 | Reached skill level 26 in Shields
 70339 | Vaults:4 | Received a gift from Okawaru
 70727 | Vaults:4 | Reached XP level 22. HP: 183/217 MP: 16/25
 71436 | Vaults:5 | Entered Level 5 of the Vaults
 71666 | Vaults:5 | Noticed an ancient lich
 71728 | Vaults:5 | Identified the +8 broad axe of Okawaru's Castigation
                  | {venom, Drain Str+9} (Okawaru gifted it to you on level 5
                  | of the Vaults)
 71728 | Vaults:5 | Received a gift from Okawaru
 71753 | Vaults:5 | Killed from afar by an ancient lich

Illustrated notes

Levels and vault maps discovered:
D:1:      dpeg_arrival_round_b, layout_basic, serial_shops,
          nicolae_diamond_shop, serial_curves, eino_curves_02, eino_curves_04
D:2:      layout_basic, basic_altar
D:3:      layout_rooms, ebering_ecumenical_altar_webs, serial_shops, shop_coins,
          minmay_fountain_box, wander_ebering_terrifying_dragon_lair
D:4:      layout_basic, mainiacjoe_overflow_six_doors_small,
          general_overflow_altar, serial_shops, nicolae_shop_window_shopping,
          uniq_natasha
D:5:      layout_cave_pods, serial_shops, shop, shop
D:6:      minmay_general_purpose_star, layout_loops_corners,
          minmay_temple_entry_nine_rooms, nicolae_ossuary_entry_plus,
          nicolae_shop_fire_sale [nicolae_sub_dead_trees], dk_noncrumbling_3
D:7:      layout_loops_ring, serial_park_tiny_pond, minmay_manual_macuahuitl
D:8:      layout_cave_pods, kennysheep_mini_moat, due_lair_maze_entry_diamond,
          serial_shops, shop_fountains, serial_bayou_lake_a, uniq_pikel
D:9:      layout_roguey, mainiacjoe_overflow_24_doors
D:10:     layout_stronghold
D:11:     layout_loops_ring, orc_david_3
D:12:     layout_cave_pools, serial_undead, serial_undead_d, serial_undead_c,
          serial_undead_f, serial_undead_e, serial_undead_c, serial_undead_b,
          serial_undead_d, serial_undead_c, nicolae_lava_and_water,
          minmay_misc_feat_hallway, minivault_16,
          lemuel_zombie_altar_kikubaaqudgha, uniq_josephine
D:13:     minmay_the_grid_triangle_9x9_recursive_3_mashed
          [minmay_the_grid_triangle_9x9_stretched_checkered,
          minmay_the_grid_triangle_9x9_sprig,
          minmay_the_grid_triangle_9x9_shrine,
          minmay_the_grid_triangle_9x9_prize_schism,
          minmay_the_grid_triangle_9x9_impossible_snake,
          minmay_the_grid_triangle_9x9_corruption,
          minmay_the_grid_triangle_9x9_subtriangle,
          minmay_the_grid_triangle_9x9_skeleton,
          minmay_the_grid_triangle_9x9_empty], layout_basic,
          lightli_corner_chamber
D:14:     minmay_ambush_box, layout_long_grid, david_vaults_5, zin_angel,
          gammafunk_ghost_arena
D:15:     gammafunk_depths_entry_grave, layout_basic, serial_shops,
          nicolae_shop_waterfront, kennysheep_crisscross
Temple:   compressed_dpeg_circular_temple
Lair:1:   gammafunk_indiana_jones, layout_cave_pods, lemuel_old_faithful
Lair:2:   layout_hall_layers, minmay_shoals_entry_hut,
          chequers_serial_rivers_micro_e
Lair:3:   layout_long_grid, infiniplex_staircase_pool, uniq_nergalle
Lair:4:   layout_roguey, minmay_snake_entry_guardpost_large,
          grunt_forest_large_clearings
Lair:5:   layout_gridlike, minmay_stone_trees_small, nicolae_lair_time_for_slime
Lair:6:   evilmike_catoblepas_cave, layout_gridlike, minmay_slime_entry_pillars,
          gauntlet_entry_generic
Shoals:1: layout_shoals, st_shoals_ruin
Shoals:2: layout_shoals, portal_ice_cave_entry_ice_statue_one
Shoals:3: layout_shoals, regret_index_shoals_crete, uniq_ilsuiw,
          uniq_polyphemus, uniq_aizul
Shoals:4: shoals_end_hellmonk_storm_palace [storm_palace_center_ruins,
          storm_palace_corner_altar, storm_palace_corner_blocked,
          storm_palace_corner_reverse_hut, storm_palace_corner_grid]
Snake:1:  layout_chambers, serial_shops, nicolae_shop_advertising_works
          [nicolae_subvault_shop_adworks], basic_altar, grunt_ministairs_11,
          uniq_asterion, uniq_louise
Snake:2:  layout_basic, nicolae_snake_shapes
Snake:3:  layout_cave_shapes
Snake:4:  grunt_snake_rune_serpentine_throne, layout_cave_town, serial_shops,
          nicolae_shop_hallway_plus, basic_altar, nicolae_snake_linked_coils,
          drop_trap, serial_bayou_ford_a, minmay_shoptagon, uniq_nikola,
          uniq_vashnia
Orc:1:    layout_diamond_mine, uniq_sonja, uniq_gastronok, uniq_snorg
Orc:2:    grunt_orc_community_town_hall, layout_caves,
          grunt_orc_community_big_house_2, grunt_orc_community_big_house_1,
          grunt_orc_community_house_1, grunt_orc_community_house_1,
          grunt_orc_community_house_1, grunt_orc_community_house_3,
          serial_shops, nicolae_shop_temple_entry_statues_fountains,
          shop_statue, shop, nicolae_shop_statue_plus,
          nicolae_shop_window_shopping
Elf:1:    nicolae_elf_arrival_fired_up, layout_loops_corners, serial_shops,
          shop, minmay_elf_annihilation, uniq_agnes, uniq_frances, uniq_kirke
Elf:2:    elven_hall_of_blades_hangedman_original
          [nicolae_blade_entry_diamond_columns], layout_onion_city,
          serial_shops, nicolae_stop_n_shop_1, serial_sigils_hangedman_leer,
          minmay_misc_feat_ornament, david_defended_altar_elf
Elf:3:    minmay_elf_hall_quartered_circle, layout_loops_cross, uniq_mara
Vaults:1: v_misc_32, v_misc_8, ontoclasm_vaults_chip, hangedman_vaults_trim,
          nicolae_vaults_murderbox, v_misc_8, vaults_standard_mumra_lines,
          nicolae_vaults_little_squares_5, dpeg_vaults_monster_box,
          layout_vaults_quadrants
Vaults:2: nicolae_vaults_meeting, nicolae_vaults_alarming,
          vaults_room_ringed_pool, minmay_crypt_entry_necro_gods,
          vaults_standard_mumra_enter_the_diamond, hangedman_vaults_snaps,
          v_misc_19, vaults_dpeg_cross, vaults_mumra_chevron,
          vaults_room_door_hall, vaults_mumra_chevron_long,
          nicolae_vaults_little_squares_3, vaults_mumra_hex,
          nicolae_vaults_little_squares_3, layout_vaults_big_cross,
          serial_hangedman_research, hangedman_research_metamorphosis,
          hangedman_research_convocations, hangedman_research_quantum
Vaults:3: gammafunk_ghost_necromancy, vaults_room_boxed, v_misc_24,
          v_alt_pattern_3, vaults_room_semicircle, v_rooms_4,
          hangedman_vaults_nails, nicolae_vaults_mini_display_case,
          layout_vaults_chaotic_city, serial_shops, shop
Vaults:4: v_alt_pattern_2, ontoclasm_vaults_shout, nicolae_vaults_theta,
          nicolae_vaults_asterisk, v_misc_28, nicolae_vaults_network_square,
          hangedman_vaults_stretched_pinwheel, vaults_dpeg_ring,
          nicolae_vaults_gold_heap, nicolae_vaults_rhombus_6,
          hangedman_vaults_stretched_pinwheel, v_alt_pattern_4,
          vaults_room_door_hall, vaults_mumra_lcd, v_alt_pattern_2,
          grunt_vaults_twisty, vaults_room_semicircle, layout_vaults_omnibox,
          serial_shops, nicolae_shop_bloodbath_and_beyond
Vaults:5: serial_shops

Skill      XL: |  1  2  3  4  5  6  7  8  9 10 11 12 13 14 15 16 17 18 19 20 21 22 |
---------------+-------------------------------------------------------------------+-----
Fighting       | 4 5 6 7 9 10 12 13 15 16 18 19 20 21 22 23 | 23.1
Shields        | 4 5 6 7 10 11 13 14 15 17 18 20 22 24 26 | 26.6
Armour         | 4 5 6 7 9 11 12 14 15 16 17 18 19 20 21 | 21.5
Long Blades    | 3 4 5 7 9 10 12 13 14 15 17 18 19 20 21 22 23 | 23.0
Dodging        | 1 2 3 4 5 6 7 8 |  8.0
Unarmed Combat | 1 |  1.0
Stealth        | 1 2 3 |  3.5
Invocations    | 1 2 3 4 5 |  5.5
Evocations     | 1 2 |  2.2
Axes           | 1 2 |  2.7

Action                   |  1- 3 |  4- 6 |  7- 9 | 10-12 | 13-15 | 16-18 | 19-21 | 22-24 || total
-------------------------+-------+-------+-------+-------+-------+-------+-------+-------++-------
Melee: Long sword        |    85 |   115 |   363 |   557 |       |       |       |       ||  1120
       Headbutt          |    12 |    21 |    93 |   188 |   211 |   288 |   542 |    45 ||  1400
       Unarmed           |       |     8 |       |       |       |       |       |       ||     8
       Scimitar          |       |       |       |   211 |   897 |  1129 |  1904 |   156 ||  4297
       War axe           |       |       |       |       |    14 |       |       |       ||    14
Invok: Heroism           |       |       |     5 |    24 |    38 |    30 |    15 |     3 ||   115
Evoke: Wand              |       |       |       |       |    15 |     1 |    15 |       ||    31
  Use: Scroll            |       |     7 |    10 |     9 |     9 |     4 |     1 |     5 ||    45
       Potion            |       |       |       |     1 |     6 |     6 |     1 |     1 ||    15
Armor: Scale mail        |    57 |    26 |       |       |       |       |       |       ||    83
       Skin              |       |     5 |       |       |       |       |       |       ||     5
       Chain mail        |       |    11 |    88 |       |   222 |   430 |    21 |       ||   772
       Plate armour      |       |       |   108 |   399 |   337 |       |   730 |    56 ||  1630
Dodge: Dodged            |    58 |    50 |   116 |   269 |   409 |   338 |   554 |    38 ||  1832
Block: Buckler           |    29 |    27 |   106 |   274 |   533 |   217 |       |       ||  1186
       Tower shield      |       |       |       |       |       |   697 |  2560 |   242 ||  3499
       Reflection        |       |       |       |       |       |       |    68 |     4 ||    72
